 Dungeon Crawl Stone Soup version 0.28-a0-1555-g9ae15a6949 (webtiles) character file.

Game seed: 5737579220693177106

6220 Shayle the Skirmisher (level 10, -1/77 HPs)
             Began as a Demonspawn Warper on Jan 18, 2022.
             Was a Follower of Ashenzari.
             Slain by a two-headed ogre (13 damage)
             ... on level 9 of the Dungeon.
             The game lasted 00:38:41 (16082 turns).

Shayle the Skirmisher (Demonspawn Warper)          Turns: 16082, Time: 00:38:41

Health: -1/77      AC: 12    Str: 11    XL:     10   Next: 61%
Magic:  14/14      EV: 13    Int: 20    God:    Ashenzari [*.....]
Gold:   437        SH:  5    Dex: 12    Spells: 3/15 levels left

rFire   . . .      SeeInvis +   H - +8 trident (venom)
rCold   + . .      Faith    .   s - +0 buckler
rNeg    . . .      Spirit   .   k - +3 leather armour "Restrained Trepidation" {Elem, Range} (curse)
rPois   .          Reflect  .   j - +2 helmet
rElec   .          Harm     .   (no cloak)
rCorr   .          Rampage  .   (no gloves)
Will    .....                   C - +2 pair of boots "Sybil of Ashenzari" {Elem, Alch} (curse)
Stlth   +.........              (no amulet)
HPRegen 0.22/turn               u - ring of protection from cold
MPRegen 0.14/turn               w - ring of see invisible

@: no status effects
A: demonic guardian 3, foul stench 1, weakness stinger 1
a: Renounce Religion, Curse Item, Shatter the Chains


You were on level 9 of the Dungeon.
You worshipped Ashenzari.
Ashenzari was aware of your devotion.
You visited 3 branches of the dungeon, and saw 11 of its levels.

You collected 437 gold pieces.

Inventory:

Hand Weapons
 p - a +2 long sword of draining
 H - a +8 trident of venom (weapon)
Missiles
 e - 6 atropa-tipped darts (quivered)
 f - 3 datura-tipped darts
 n - 15 poisoned darts
 t - 3 silver boomerangs
 I - 2 boomerangs
Armour
 j - a +2 helmet (worn)
 k - the cursed +3 leather armour "Restrained Trepidation" (worn) {Elem, Range}
   (You found it on level 5 of the Dungeon)

   It has a curse which improves the following skills: Elements: Fire Magic, Ice
   Magic, Air Magic and Earth Magic.
   Ranged Combat: Slings, Bows, Crossbows and Throwing.
 s - a +0 buckler (worn)
 C - the cursed +2 pair of boots "Sybil of Ashenzari" (worn) {Elem, Alch}
   (You found it on level 6 of the Dungeon)

   It has a curse which improves the following skills: Elements: Fire Magic, Ice
   Magic, Air Magic and Earth Magic.
   Alchemy:   Poison Magic and Transmutations.
Jewellery
 u - a ring of protection from cold (left hand)
 w - a ring of see invisible (right hand)
Wands
 v - a wand of acid (3)
Scrolls
 a - 3 scrolls of fear
 g - a scroll of enchant weapon
 z - 3 scrolls of teleportation
 A - a scroll of amnesia
Potions
 b - a potion of mutation
 d - 2 potions of curing
 h - 2 potions of ambrosia
 i - a potion of cancellation
 o - 2 potions of lignification
 q - a potion of haste
 D - a potion of brilliance
 E - a potion of heal wounds
 F - a potion of magic


   Skills:
 + Level 6.7 Fighting
 + Level 4.4(5.2) Throwing
 - Level 0.8 Armour
 + Level 5.9 Dodging
 - Level 4.0 Shields
 - Level 4.5 Unarmed Combat
 - Level 3.0 Spellcasting
 - Level 3.5 Conjurations
 + Level 6.4 Translocations
 + Level 3.6(4.8) Fire Magic
 + Level 5.1(6.4) Air Magic


You had 3 spell levels left.
You knew the following spells:

 Your Spells              Type           Power      Damage    Failure   Level
a - Blink                 Tloc           56%        N/A       2%          2
b - Teleport Other        Tloc           28%        N/A       5%          3
c - Shock                 Conj/Air       88%        1d8       3%          1
d - Airstrike             Air            14%        N/A       19%         4
e - Scorch                Fire           44%        2d7       4%          2

Your spell library contained the following spells:

 Spells                   Type           Power      Damage    Failure   Level
 Gell's Gravitas          Tloc           28%        N/A       5%          3
 Lesser Beckoning         Tloc           28%        N/A       5%          3
 Swiftness                Air            28%        N/A       5%          3
 Searing Ray              Conj           34%        2d5       9%          2
 Poisonous Vapours        Pois/Air       32%        N/A       10%         2
 Slow                     Hex            12%        N/A       24%         1
 Dazzling Flash           Conj/Hex       20%        N/A       34%         3
 Confusing Touch          Hex            3%         N/A       58%         3
 Summon Guardian Golem    Hex/Summ       3%         N/A       58%         3
 Vampiric Draining        Necr           3%         2d6       58%         3
 Iskenderun's Mystic Bla  Conj/Tloc      23%        2d6       30%         4
 Manifold Assault         Tloc           28%        N/A       43%         5
 Starburst                Conj/Fire      9%         6d5       100%        6
 Orb of Destruction       Conj           8%         9d6       100%        7
 Spellforged Servitor     Conj/Summ      5%         N/A       100%        7


Dungeon Overview and Level Annotations

Branches:
Dungeon (9/15)             Temple (1/1) D:6            Lair (1/6) D:8
    Orc: D:9-12

Altars:
Ashenzari
Cheibriados
Dithmenos
Elyvilon
Fedhas
Gozag
Hepliaklqana
Kikubaaqudgha
Makhleb
Okawaru
Qazlal
Ru
Sif Muna
Trog
Uskayaw
Vehumet
Wu Jian
Xom
Yredelemnul
Zin
The Shining One

Shops:
D:8 [


Innate Abilities, Weirdness & Mutations

A powerful demonic guardian rushes to your aid.
You may rarely emit foul miasma when damaged in melee.
You have a small tail.


Message History

You destroy the howler monkey zombie!
HP restored.
A two-headed ogre comes into view.
It is wielding a +0 giant spiked club and a +0 giant club.
The two-headed ogre shouts in stereo!
Throw: 2 boomerangs (disperse)
Press: ? - help, Q - select action, (/) - cycle Shift-Dir - straight line, f - two-headed ogre
Aim: a two-headed ogre, wielding a +0 giant spiked club and a +0 giant club (77% to hit)
You throw a boomerang of dispersal.
The boomerang of dispersal hits the two-headed ogre but does no damage.
Throw: boomerang (disperse)
Press: ? - help, Q - select action, (/) - cycle Shift-Dir - straight line, f/p - two-headed ogre
Aim: a two-headed ogre, wielding a +0 giant spiked club and a +0 giant club (77% to hit)
You throw a boomerang of dispersal.
The boomerang of dispersal hits the two-headed ogre but does no damage.
You puncture the two-headed ogre!
The two-headed ogre is lightly wounded.
The two-headed ogre misses you.
The two-headed ogre hits you with a +0 giant club!!
Unknown command.
You barely miss the two-headed ogre.
The two-headed ogre is lightly wounded.
The two-headed ogre closely misses you.
The two-headed ogre hits you but does no damage.
Unknown command.
You hit the two-headed ogre. You tail-slap the two-headed ogre.
The two-headed ogre is moderately wounded.
The two-headed ogre hits you with a +0 giant spiked club!!
The two-headed ogre misses you.
Unknown command.
Aiming: Corrosive Bolt
Press: ? - help, Shift-Dir - straight line, f/p - two-headed ogre
Aim: a two-headed ogre, wielding a +0 giant spiked club and a +0 giant club (moderately wounded, 86% to hit)
The bolt of acid hits the two-headed ogre!
The acid corrodes the two-headed ogre!
The two-headed ogre is heavily wounded.
The two-headed ogre hits you with a +0 giant spiked club!
* * * LOW HITPOINT WARNING * * *
A demonic guardian appears!
The two-headed ogre hits you with a +0 giant club!
You die...

#...>...#
#..#...
#.......#
#..#..#
#.......#
#..#..#
#...###.#
#..#..#
#...# #.#
#..#..#
#...# #.#
#..#..#
....# #.#
#...3.#
....# #.#
#.....#
#... #.#
#...@.# ..
#.# #...[O#
..#
#.......
#.........
#.........#
#.........#
#.........#
#.........#


You could see a two-headed ogre (corroded, ally target) and a friendly smoke
demon (summoned).

Vanquished Creatures
  Gastronok (D:8)
  A two-headed ogre (D:9)
  A cane toad (D:8)
  Psyche (D:9)
  A wraith (D:9)
  An acid dragon (D:9)
  A water moccasin (D:6)
  3 orc warriors
  2 ice beasts
  3 centaurs
  A kobold brigand (D:9)
  Blork the orc (D:6)
  3 bullfrogs
  2 gnoll sergeants
  4 scorpions
  A wight (D:7)
  8 killer bees
  2 howler monkeys (D:8)
  4 orc priests
  4 jellies
  2 hounds
  3 gnoll shamans
  2 orc wizards (D:9)
  A howler monkey zombie (D:9)
  15 gnolls
  3 adders
  2 shadow imps
  2 white imps
  An ufetubus (D:6)
  3 dart slugs (D:2)
  25 orcs
  6 endoplasms
  4 giant cockroaches
  5 hobgoblins
  2 quokkas
  4 ball pythons
  2 bats (D:2)
  2 frilled lizards (D:1)
  10 kobolds
  4 rats (D:2)
143 creatures vanquished.

Vanquished Creatures (collateral kills)
  Joseph (D:8)
  Maggie (D:7)
  A steam dragon (D:8)
  A gnoll sergeant (D:5)
  3 killer bees (D:9)
  2 wights (D:7)
  A jelly (D:5)
  An orc priest (D:3)
  Ijyb (D:5)
  8 gnolls
  A worm (D:3)
  3 orcs (D:3)
  2 endoplasms
  A quokka (D:4)
  A jackal skeleton (D:3)
  2 quokka skeletons (D:3)
30 creatures vanquished.

Vanquished Creatures (others)
  An orc wizard (D:7)
  A withered plant (D:3)
2 creatures vanquished.

Grand Total: 175 creatures vanquished

Notes
Turn   | Place    | Note
-------+----------+-------------------------------------------
     0 | D:1      | Shayle the Demonspawn Warper began the quest for the Orb.
     0 | D:1      | Reached XP level 1. HP: 16/16 MP: 3/3
   769 | D:1      | Gained mutation: A weak demonic guardian rushes to your
                  | aid. [demonic ancestry]
   769 | D:1      | Reached XP level 2. HP: 18/22 MP: 5/5
  1655 | D:2      | Found a faded altar of an unknown god.
  1759 | D:2      | Gained mutation: A demonic guardian rushes to your aid.
                  | [demonic ancestry]
  1759 | D:2      | Reached XP level 3. HP: 25/28 MP: 6/6
  2117 | D:3      | Gained mutation: You may rarely emit foul miasma when
                  | damaged in melee. [demonic ancestry]
  2117 | D:3      | Reached XP level 4. HP: 30/34 MP: 7/7
  2414 | D:3      | Noticed an ice beast
  3730 | D:3      | Killed an ice beast
  3731 | D:3      | Reached XP level 5. HP: 21/41 MP: 7/9
  4495 | D:4      | Learned a level 2 spell: Blink
  4499 | D:4      | Learned a level 3 spell: Teleport Other
  4501 | D:4      | Learned a level 1 spell: Shock
  4506 | D:4      | Learned a level 4 spell: Airstrike
  4522 | D:4      | You fall into a shaft and drop 3 floors!
  5023 | D:7      | Got Wagitiyh's Rites and Rhymes, Part Two
  5053 | D:6      | Reached XP level 6. HP: 23/47 MP: 5/10
  5183 | D:6      | Noticed a water moccasin
  5202 | D:6      | Killed a water moccasin
  5203 | D:6      | Reached skill level 1 in Conjurations
  5203 | D:6      | Reached skill level 1 in Air Magic
  5278 | D:6      | Found a staircase to the Ecumenical Temple.
  5284 | Temple   | Entered the Ecumenical Temple
  5558 | Temple   | Became a worshipper of Ashenzari the Shackled
  5616 | D:5      | Entered Level 5 of the Dungeon
  5695 | D:5      | Gained mutation: A powerful demonic guardian rushes to your
                  | aid. [demonic ancestry]
  5695 | D:5      | Reached XP level 7. HP: 15/53 MP: 5/11
  8162 | D:5      | Noticed Ijyb
  8179 | D:5      | Killed Ijyb
  8211 | D:5      | Reached skill level 1 in Shields
  8211 | D:5      | Gained mutation: You have a small tail. [demonic ancestry]
  8211 | D:5      | Reached XP level 8. HP: 19/60 MP: 12/12
  8846 | D:6      | Reached skill level 1 in Throwing
  8926 | D:6      | Noticed Blork the orc
  8941 | D:6      | Killed Blork the orc
  9851 | D:7      | Reached * piety under Ashenzari
 11208 | D:8      | Reached skill level 5 in Fighting
 11296 | D:8      | Found a staircase to the Lair.
 11530 | D:7      | Reached skill level 5 in Translocations
 11698 | D:7      | Learned a level 2 spell: Scorch
 11752 | D:8      | Noticed Joseph
 11762 | D:7      | Reached XP level 9. HP: 51/68 MP: 13/13
 12187 | D:7      | Identified the cursed +2 pair of boots "Sybil of Ashenzari"
                  | {Elem, Alch} (You found it on level 6 of the Dungeon)
 12187 | D:7      | Identified the cursed +3 leather armour "Restrained
                  | Trepidation" {Elem, Range} (You found it on level 5 of the
                  | Dungeon)
 12459 | D:8      | Noticed Gastronok
 12475 | D:8      | Killed Gastronok
 12476 | D:8      | Reached skill level 5 in Dodging
 12568 | D:8      | Found Woarr's Armour Shoppe.
 13326 | D:8      | Noticed Maggie
 13498 | D:8      | Killed Joseph
 13767 | D:7      | Killed Maggie
 13768 | D:7      | Reached XP level 10. HP: 44/76 MP: 14/14
 14259 | Lair:1   | Entered Level 1 of the Lair of Beasts
 14260 | Lair:1   | Noticed a cane toad
 14261 | Lair:1   | Noticed a cane toad
 14262 | Lair:1   | Noticed a cane toad
 14270 | D:8      | Killed a cane toad
 14447 | D:9      | Noticed Psyche
 14458 | D:9      | Killed Psyche
 15528 | D:9      | Noticed a two-headed ogre
 15598 | D:9      | HP: 2/77 [two-headed ogre (24)]
 15605 | D:9      | Killed a two-headed ogre
 15606 | D:9      | Reached skill level 5 in Air Magic
 16076 | D:9      | Noticed a two-headed ogre
 16082 | D:9      | Slain by a two-headed ogre

Illustrated notes

Levels and vault maps discovered:
D:1:      roderic_octagonal_star, layout_basic
D:2:      layout_loops_ring, shapermc_ecumenical_altar_venn
D:3:      cheibrodos_helix_gallery, layout_basic, serial_undead,
          serial_undead_b, serial_undead_e, serial_undead_c, serial_undead_e,
          columned_hall_lemuel
D:4:      layout_basic
D:5:      layout_loops_corners, uniq_ijyb
D:6:      layout_loops_ring, minmay_temple_entry_overgrown,
          chequers_serial_rivers_large_a, uniq_blork_the_orc
D:7:      layout_cave_pods
D:8:      layout_basic, lair_entry_dummy, serial_shops,
          nicolae_shop_temple_entry_statues_fountains,
          nicolae_concentric_dashed_squares_mild, kennysheep_big_empty_room,
          uniq_gastronok, uniq_joseph, uniq_maggie
D:9:      layout_long_grid, uniq_psyche
Temple:   nicolae_temple_the_god_donut
Lair:1:   layout_roguey, st_stairs_6, guppyfry_lair_drakes, grunt_megastairs_4

Skill      XL: |  1  2  3  4  5  6  7  8  9 10 |
---------------+-------------------------------+-----
Dodging        | 2 3 4 5 |  5.9
Unarmed Combat | 2 3 4 |  4.5
Translocations | 3 4 5 6 |  6.4
Fighting       | 3 4 5 6 |  6.7
Spellcasting   | 3 |  3.0
Conjurations   | 1 2 3 |  3.5
Air Magic      | 1 2 3 4 5 |  5.1
Shields        | 1 2 3 4 |  4.0
Throwing       | 2 3 4 |  4.4
Fire Magic     | 2 3 |  3.6
Armour         | |  0.8

Action                   |  1- 3 |  4- 6 |  7- 9 | 10-12 || total
-------------------------+-------+-------+-------+-------++-------
Melee: Unarmed           |    94 |   142 |   121 |       ||   357
       Punch             |     3 |     1 |     5 |       ||     9
       Spear             |       |       |   347 |       ||   347
       Tailslap          |       |       |    52 |    13 ||    65
       Trident           |       |       |    24 |    99 ||   123
Throw: Boomerang         |     4 |       |       |     4 ||     8
       Dart              |       |       |     8 |     4 ||    12
       Throwing net      |       |       |       |     3 ||     3
 Cast: Shock             |       |     8 |     9 |       ||    17
       Teleport Other    |       |     2 |       |     2 ||     4
       Scorch            |       |       |     4 |     2 ||     6
       Blink             |       |       |     1 |       ||     1
       Airstrike         |       |       |       |     3 ||     3
Invok: Curse Item        |       |       |     2 |       ||     2
Evoke: Wand              |       |     1 |    19 |    11 ||    31
  Use: Scroll            |       |     9 |     6 |     2 ||    17
       Potion            |       |     3 |     4 |       ||     7
 Stab: Sleeping          |     1 |       |       |       ||     1
       Distracted        |       |     1 |       |     2 ||     3
       Paralysed         |       |       |    33 |     5 ||    38
       Held in net/web   |       |       |       |     1 ||     1
Armor: Leather armour    |    24 |    32 |   158 |    67 ||   281
       Skin              |       |       |    46 |       ||    46
Dodge: Dodged            |    40 |    95 |   283 |    80 ||   498
Block: Buckler           |       |       |    72 |    37 ||   109

Table legend: (Time is in decaauts)
 A = Elapsed time spent in this place.
 B = Non-inter-level travel time spent in this place.
 C = Inter-level travel time spent in this place.
 D = Time resting spent in this place.
 E = Time spent auto-exploring this place.
 F = Levels seen in this place.
 G = Mean time per level.
                   A        B        C        D        E       F      G
               +--------+--------+--------+--------+--------+-----+--------+
         Total |  16207 |  15572 |    635 |   7441 |   5215 |  11 | 1473.4 |
       Dungeon |  15876 |  15266 |    610 |   7419 |   4987 |   9 | 1764.0 |
        Temple |    322 |    298 |     24 |     22 |    228 |   1 |  322.0 |
          Lair |      8 |      8 |      0 |      0 |      0 |   1 |    8.0 |
               +--------+--------+--------+--------+--------+-----+--------+

Top non-repeatable levels by time:
     D:7: 3493 daAuts
     D:8: 2199 daAuts
     D:5: 2082 daAuts
     D:2: 1834 daAuts
     D:4: 1368 daAuts
     D:9: 1342 daAuts
     D:6: 1274 daAuts
     D:3: 1243 daAuts
     D:1: 1037 daAuts
  Temple: 322 daAuts
  Lair:1: 8 daAuts
